 Dungeon Crawl Stone Soup version 0.17-a0-776-gd86b262 (webtiles) character file.

67 bladedpenguin the Stinger (level 4, 0/21 HPs)
             Began as a Spriggan Venom Mage on Apr 24, 2015.
             Killed from afar by an orc wizard (7 damage)
             ... with a puff of flame
             ... on level 3 of the Dungeon on Apr 26, 2015.
             The game lasted 00:11:21 (2602 turns).

bladedpenguin the Stinger (Spriggan Venom Mage)     Turns: 2602, Time: 00:11:21

Health: 0/21       AC:  2    Str:  4    XL:     4   Next: 0%
Magic:  1/9        EV: 18    Int: 17    God:
Gold:   89         SH:  0    Dex: 16    Spells: 3 memorised, 3 levels left

rFire  . . .     SeeInvis +     (weapon restricted)
rCold  . . .     Clarity  .     a - +0 robe
rNeg   . . .     SustAb   .     (shield restricted)
rPois  .         Gourm    .     (helmet restricted)
rElec  .         Spirit   .     (no cloak)
rCorr  .         Warding  .     (gloves unavailable)
rMut   .         Stasis   .     (boots unavailable)
MR     .....                    (no amulet)
Stlth  +++.......               j - ring of see invisible
                                g - +3 ring of slaying

@: very slightly contaminated, very quick, not resistant to hostile
enchantments, fairly stealthy
A: unfitting armour, see invisible, herbivore 3, speed 3, slow metabolism 2
a: no special abilities


You were on level 3 of the Dungeon.
You were not hungry.

You visited 1 branch of the dungeon, and saw 3 of its levels.

You collected 89 gold pieces.

Inventory:

Armour
 a - a +0 robe (worn)
Jewellery
 e - an uncursed ring of protection from fire
 f - an uncursed ring of poison resistance
 g - a +3 ring of slaying (left hand)
 j - a ring of see invisible (right hand)
Magical devices
 o - a wand of magic darts (17)
Scrolls
 i - 2 scrolls of identify
 k - a scroll of amnesia {unknown}
 l - a scroll of teleportation {unknown}
 n - a scroll of magic mapping {unknown}
 p - a scroll of blinking {unknown}
 q - a scroll of recharging {unknown}
Potions
 h - a potion of lignification {unknown}
 m - a potion of mutation {unknown}
Books
 b - a Young Poisoner's Handbook

   Spells                             Type                      Level
   a - Sting                          Conjuration/Poison           1
   b - Cure Poison                    Poison                       2
   c - Mephitic Cloud                 Conjuration/Poison/Air       3
   d - Olgreb's Toxic Radiance        Poison                       4
   e - Venom Bolt                     Conjuration/Poison           5
Comestibles
 c - a bread ration
 d - 4 fruits


   Skills:
 + Level 3.5 Dodging
 + Level 3.6 Stealth
 + Level 0.8 Unarmed Combat
 + Level 3.1 Spellcasting
 + Level 0.8 Conjurations
 + Level 4.6 Poison Magic


You had 3 spell levels left.
You knew the following spells:

 Your Spells              Type           Power        Failure   Level  Hunger
a - Sting                 Conj/Pois      ##..         10%         1    None
b - Cure Poison           Pois           ###.......   4%          2    ##.....
c - Mephitic Cloud        Conj/Pois/Air  #.......     24%         3    ###....


Dungeon Overview and Level Annotations

Branches:
Dungeon (3/15)

Altars:
Makhleb


Innate Abilities, Weirdness & Mutations

You are tiny and cannot use many weapons and most armour.
You have supernaturally acute eyesight.
You are a herbivore.
You cover ground extremely quickly.
You need consume almost no food.


Message History

You have reached level 4!
You now have 89 gold pieces (gained 6).
An orc wizard comes into view. It is wielding a dagger.
Casting: Sting
Confirm with . or Enter, or press ? or * to list all spells.
Aiming: Sting
Press: ? - help, Shift-Dir - straight line, f - orc wizard
Aim: an orc wizard, wielding a dagger and wearing a robe The sting hits the orc wizard.
The orc wizard is poisoned.
The orc wizard is moderately wounded.
The orc wizard's eyes start to glow.
The orc shouts!
The orc wizard looks more healthy.
The orc wizard becomes somewhat translucent.
The orc wizard points at you and mumbles some strange words.
The magic dart hits you! The orc misses you.
The orc wizard points at you and mumbles some strange words.
The puff of flame hits you!
You die...

#### #.. #.##
##..## #....##
##..#..##
####...##..##
###..@o.##....+
#..o.#.......##
#.#..#......##
##.#o##....)##
#....##....##
#..#####..####+##
#..# #......[...#
#### #.##.######
#o##.#


You could see 2 orc wizards and an orc.

Vanquished Creatures
  3 adders (D:2)
  An orc (D:3)
  A ball python (D:1)
  5 hobgoblins
  4 jackals (D:2)
  2 quokkas (D:2)
  2 bats
  3 giant cockroaches
  2 giant newts
  5 goblins
  6 kobolds
  6 rats
40 creatures vanquished.

Notes
Turn   | Place    | Note
--------------------------------------------------------------
     0 | D:1      | bladedpenguin, the Spriggan Venom Mage, began the quest for the Orb.
     0 | D:1      | Reached XP level 1. HP: 9/9 MP: 5/5
   418 | D:1      | Reached XP level 2. HP: 11/13 MP: 0/6
  1537 | D:2      | Reached XP level 3. HP: 9/16 MP: 0/8
  1686 | D:2      | Found a burning altar of Makhleb.
  2530 | D:3      | Learned a level 2 spell: Cure Poison
  2534 | D:3      | Learned a level 3 spell: Mephitic Cloud
  2580 | D:3      | Reached XP level 4. HP: 14/21 MP: 0/9
  2602 | D:3      | Killed from afar by an orc wizard

Action                   |  1- 3 |  4- 6 || total
-------------------------+-------+-------++-------
Melee: Unarmed           |    66 |       ||    66
 Cast: Sting             |    90 |     1 ||    91
  Use: Potion            |     2 |       ||     2
       Scroll            |     1 |       ||     1
 Stab: Sleeping          |     4 |       ||     4
       Distracted        |     1 |       ||     1
